 Dungeon Sprint DCSS version 0.17-a0-1262-gd250d98 (webtiles) character file.

709 Kidiri the Covert (level 7, -8/36 (38) HPs)
             Began as a Spriggan Assassin on June 6, 2015.
             Mangled by a yaktaur captain (25 damage)
             ... in the Dungeon (Sprint II: "The Violet Keep of Menkaure").
             The game lasted 00:02:38 (646 turns).

Kidiri the Covert (Spriggan Assassin)                Turns: 646, Time: 00:02:39

HP:   -8/36 (38)    AC:  3    Str:  7    XL:     7   Next: 40%
MP:   8/8           EV: 29    Int: 12    God:
Gold: 972           SH:  0    Dex: 20    Spells: 0 memorised, 6 levels left

rFire  . . .     SeeInvis +     b - +0 blowgun
rCold  . . .     Clarity  .     c - +0 robe
rNeg   . . .     SustAt   .     (shield restricted)
rPois  .         Gourm    .     (helmet restricted)
rElec  .         Spirit   .     d - +0 cloak
rCorr  .         Warding  .     (gloves unavailable)
rMut   .         NoTele   +     (boots unavailable)
MR     +....                    (no amulet)
Stlth  +++++++...               (no ring)
                                (no ring)

@: very quick, somewhat resistant to hostile enchantments, extremely stealthy
A: unfitting armour, see invisible, herbivore 3, speed 3, slow metabolism 2
a: no special abilities


You were in the Dungeon.
You were not hungry.

You visited 1 branch You collected 972 gold pieces.

Inventory:

Hand weapons
 a - a +2 dagger
 b - a +0 blowgun (weapon)
Missiles
 e - 6 poisoned needles (quivered)
Armour
 c - a +0 robe (worn)
 d - a +0 cloak (worn)
Scrolls
 m - a scroll of blinking
Potions
 h - a potion of curing
 i - a potion of heal wounds
 j - a potion of haste
 k - 2 potions of magic
Comestibles
 g - a bread ration


   Skills:
 + Level 4.9 Fighting
 * Level 9.2 Short Blades
 + Level 6.6 Throwing
 * Level 11.4 Dodging
 * Level 13.4 Stealth


You had 6 spell levels left.
You didn't know any spells.

Dungeon Overview and Level Annotations

Branches:
Dungeon (1/1)

Altars:

Shops:
D !=:(*%(!?!=[(

Annotations:
D Menkaure


Innate Abilities, Weirdness & Mutations

You are tiny and cannot use many weapons and most armour.
You have supernaturally acute eyesight.
You are a herbivore.
You cover ground extremely quickly.
You need consume almost no food.


Message History

You shoot a curare-tipped needle.
The curare-tipped needle barely misses the yaktaur captain.
Firing (i - inventory):
e - 8 poisoned needles (quivered)
Press: ? - help, Shift-Dir - straight line, f/p - yaktaur captain
Aim: a yaktaur captain (lightly wounded, slow, poisoned)
You shoot a poisoned needle.
The poisoned needle hits the yaktaur captain!
The yaktaur captain looks even sicker.
The yaktaur captain is lightly wounded.
You hear a splash.
Firing (i - inventory):
e - 7 poisoned needles (quivered)
Press: ? - help, Shift-Dir - straight line, f/p - yaktaur captain
Aim: a yaktaur captain (moderately wounded, slow, poisoned)
You shoot a poisoned needle.
The poisoned needle hits the yaktaur captain!
The yaktaur captain is moderately wounded.
You hear a splash.
The yaktaur captain hits you!!
Ouch! That really hurt!
You die...

#≈≈#+++#+++##
######≈≈≈M........#
.∩.∩.#≈ ##+##
∩.∩..#≈ ##..%##
.∩...#≈ #.##%.#
∩....#≈ ####.######
.∩...#≈##.###+###.##
∩.∩..#≈#...##.##...#
(∩.∩.'c@##.+.<.'.#
..∩.∩#≈#.####.##...#
▓▓▓###≈##%# #'###.##
######≈ #####.#####
## #..#%%# ##.#.##
##+##


You could see a yaktaur captain.

Vanquished Creatures
  4 necrophages (D)
  4 brain worms (D)
  4 worker ants (D)
  3 worms (D)
15 creatures vanquished.

Notes
Turn   | Place    | Note
--------------------------------------------------------------
     0 | D        | Kidiri the Spriggan Assassin began the quest for the Orb.
     0 | D        | Reached XP level 1. HP: 10/10 MP: 2/2
     1 | D        | Noticed a worker ant
     1 | D        | Noticed a worker ant
     5 | D        | Noticed a necrophage
     5 | D        | Noticed a necrophage
     5 | D        | Noticed a necrophage
     5 | D        | Noticed a necrophage
    12 | D        | Killed a necrophage
    12 | D        | Reached skill level 5 in Short Blades
    12 | D        | Reached skill level 5 in Dodging
    12 | D        | Reached skill level 8 in Stealth
    12 | D        | Reached XP level 2. HP: 10/15 MP: 3/3
    12 | D        | Reached XP level 3. HP: 12/18 MP: 4/4
    12 | D        | Reached XP level 4. HP: 14/22 MP: 5/5
    18 | D        | Killed a necrophage
    18 | D        | Reached skill level 10 in Stealth
    18 | D        | Reached XP level 5. HP: 14/26 MP: 6/6
    24 | D        | Killed a necrophage
    24 | D        | Reached skill level 5 in Throwing
    24 | D        | Reached skill level 11 in Stealth
    30 | D        | Killed a necrophage
    30 | D        | Reached XP level 6. HP: 16/31 MP: 7/7
   318 | D        | Noticed a brain worm
   327 | D        | Killed a brain worm
   327 | D        | Reached skill level 10 in Dodging
   327 | D        | Reached skill level 12 in Stealth
   330 | D        | Noticed a brain worm
   344 | D        | Killed a brain worm
   345 | D        | Noticed a brain worm
   345 | D        | Noticed a brain worm
   347 | D        | Killed a brain worm
   347 | D        | Reached XP level 7. HP: 36/36 MP: 8/8
   355 | D        | Killed a brain worm
   355 | D        | Reached skill level 13 in Stealth
   486 | D        | Noticed a worker ant
   486 | D        | Noticed a worker ant
   487 | D        | Killed a worker ant
   488 | D        | Killed a worker ant
   490 | D        | Killed a worker ant
   511 | D        | Killed a worker ant
   553 | D        | Found Keamnorch's Antique Weapon Shop.
   554 | D        | Found Wipauhoe's Distillery.
   554 | D        | Found Bereduiw's Magic Scroll Shop.
   554 | D        | Found Caffol's Book Boutique.
   554 | D        | Found Gurchoes's Food Boutique.
   554 | D        | Found Ahun's Jewellery Shop.
   554 | D        | Found Nebuo's Assorted Antiques.
   554 | D        | Found Ciry's Distillery.
   554 | D        | Found Asoum's Distillery.
   554 | D        | Found Ylufrev's Jewellery Shop.
   554 | D        | Found Ejarch's Antique Weapon Boutique.
   571 | D        | Noticed a lava snake
   572 | D        | Noticed a lava snake
   572 | D        | Noticed a lava snake
   572 | D        | Noticed Menkaure
   593 | D        | Found Boopepnolea's Antique Armour Boutique.
   593 | D        | Found Reetaown's Antique Weapon Shop.
   595 | D        | Noticed a yaktaur captain
   646 | D        | Mangled by a yaktaur captain

Vault maps used:
D:        the_violet_keep_of_menkaure

Action                   |  1- 3 |  4- 6 |  7- 9 || total
-------------------------+-------+-------+-------++-------
Melee: Dagger            |     5 |    41 |    34 ||    80
 Fire: Blowgun           |       |       |     4 ||     4
  Use: Potion            |     1 |       |       ||     1
 Stab: Sleeping          |       |     1 |     6 ||     7
